 Dungeon Crawl Stone Soup version 0.30-a0-578-gdee14c521f (webtiles) character file.

Game seed: 4554159440564160499

4302 flotson the Trooper (level 10, -17/67 (69) HPs)
             Began as a Demonspawn Delver on Dec 31, 2022.
             Was a Believer of Hepliaklqana.
             Killed by an exploding goblin (37 damage)
             ... ignited by their inner flame
             ... on level 8 of the Dungeon.
             The game lasted 00:22:15 (8710 turns).

flotson the Trooper (Demonspawn Delver)             Turns: 8710, Time: 00:22:15

HP:   -17/67 (69)   AC: 18    Str: 22    XL:     10   Next: 11%
MP:   12/12         EV: 23    Int: 12    God:    Hepliaklqana [**....]
Gold: 418           SH:  0    Dex: 17    Spells: 9/9 levels left

rFire   . . .      SeeInvis .    v - +3 halberd (drain)
rCold   + . .      Faith    .    (shield currently unavailable)
rNeg    . . .      Spirit   .    C - +6 scale mail of True Grit {rC+ Dex+2}
rPois   .          Reflect  .    (helmet restricted)
rElec   .          Harm     .    M - +1 cloak
rCorr   .          Rampage  .    (no gloves)
Will    +....                    I - +0 pair of boots
Stlth   ++                       (no amulet)
HPRegen 0.31/turn                x - +6 ring of strength
MPRegen 0.13/turn                J - +5 ring of evasion

@: agile, lightly drained
A: reduced essence, horns 1, powered by pain 1, sharp scales 2, low MP 1,
strong-willed 1, sense surroundings 1
a: Renounce Religion, Recall Ancestor, Ancestor Identity


You were on level 8 of the Dungeon.
You worshipped Hepliaklqana.
Hepliaklqana was pleased with you.
You visited 1 branch of the dungeon, and saw 8 of its levels.
You also visited: Ossuary and Bailey.

You collected 418 gold pieces.

Inventory:

Hand Weapons
 d - a +1 halberd of electrocution
 t - a +2 flail of protection
 v - a +3 halberd of draining (weapon)
Missiles
 j - 12 boomerangs
 p - 51 poisoned darts (quivered)
 B - 2 silver boomerangs
 E - a throwing net
Armour
 C - the +6 scale mail of True Grit (worn) {rC+ Dex+2}
   (You took it off an orc priest on level 4 of the Dungeon)

   Dex:       It affects your dexterity (+2).
   rC:        It protects you from cold.
 I - a +0 pair of boots (worn)
 M - a +1 cloak (worn)
Jewellery
 i - a ring of fire
 x - a +6 ring of strength (left hand)
 H - a ring of resist corrosion
 J - a +5 ring of evasion (right hand)
Wands
 g - a wand of digging (2)
 D - a wand of mindburst (14)
 L - a wand of roots (15)
Scrolls
 b - 3 scrolls of noise
 c - 4 scrolls of fog
 f - 6 scrolls of identify {unknown}
 h - a scroll of torment {unknown}
 k - a scroll of enchant armour
 l - 3 scrolls of enchant weapon
 m - a scroll of acquirement {unknown}
 q - a scroll of vulnerability {unknown}
 r - 2 scrolls of poison
 y - a scroll of immolation
 K - a scroll of amnesia {unknown}
Potions
 a - a potion of flight {unknown}
 e - 11 potions of heal wounds {unknown}
 n - 6 potions of curing
 o - 5 potions of resistance {unknown}
 s - 2 potions of attraction
 u - 3 potions of might {unknown}
 w - a potion of ambrosia {unknown}
 z - 3 potions of degeneration {unknown}
 A - 2 potions of invisibility {unknown}
 F - 2 potions of haste
 G - a potion of lignification {unknown}
 N - a potion of mutation


   Skills:
 + Level 6.6 Fighting
 + Level 5.7 Axes
 + Level 3.7 Throwing
 + Level 5.3 Armour
 + Level 5.6 Dodging
 - Level 5.0 Stealth
 + Level 4.7 Invocations
 + Level 5.8 Evocations


You had 9 spell levels left.
You didn't know any spells.
Your spell library contained the following spells:

 Spells                   Type           Power      Damage    Failure   Level
 Foxfire                  Conj/Fire      0%         2x1d4     63%         1
 Sandblast                Erth           0%         2d4       63%         1
 Passwall                 Tmut/Erth      0%         N/A       77%         2
 Stone Arrow              Conj/Erth      0%         3d7       94%         3
 Animate Armour           Summ/Erth      0%         N/A       100%        4
 Fireball                 Conj/Fire      0%         3d3       100%        5
 Starburst                Conj/Fire      0%         6d3       100%        6
 Lehudib's Crystal Spear  Conj/Erth      0%         10d2      100%        8


Dungeon Overview and Level Annotations

Branches:
Dungeon (8/15)             Temple (0/1) D:4            Lair (0/5) D:8
Ossuary (visited)          Bailey (visited)

Altars:
Cheibriados
Fedhas
Hepliaklqana
Kikubaaqudgha
Sif Muna
Vehumet
Yredelemnul

Shops:
D:2 [   D:3 =


Innate Abilities, Weirdness & Mutations

Your life essence is reduced to manifest your ancestor. (-10% HP)
You have a pair of small horns on your head.
You sometimes gain a little power by taking damage.
You are mostly covered in razor-sharp scales. (AC +2, Slay +2)
Your magical capacity is low. (-10% MP)
You are strong-willed. (Will+)
You passively map a small area around you.


Message History

You feel agile all of a sudden. The two-headed ogre misses you.
The goblin barely misses you. The goblin closely misses you.
Busisiwe casts a spell at the bullfrog.
The puff of frost misses the bullfrog.
The bullfrog hits Busisiwe.
Okay, then.
Unknown command.
As you read the scroll labelled KERCHA OMIVENWA, it crumbles to dust.
The creatures around you are filled with an inner flame!
It was a scroll of immolation.
The bullfrog hits you. The goblin hits you but does no damage.
The bullfrog hits Busisiwe.
Flame seeps out of Busisiwe.
The goblin misses you.
Busisiwe closely misses the bullfrog.
The bullfrog misses you.
The two-headed ogre hits you with a +0 giant spiked club!!
* * * LOW HITPOINT WARNING * * *
The two-headed ogre closely misses you.
As you read the scroll labelled YGYATO DUDE, it crumbles to dust.
It is a scroll of enchant armour.
Your +0 cloak glows green for a moment.
The bullfrog closely misses Busisiwe.
The bullfrog barely misses you. The goblin completely misses you.
The goblin misses you.
Busisiwe hits the bullfrog with a +0 quarterstaff!
Flame seeps out of the bullfrog.
The bullfrog is engulfed in blazing flames.
The bullfrog explodes!
The fiery explosion engulfs the orc!!
You hear a splash.
The fiery explosion engulfs the ice beast!!!
The ice beast melts!
You kill the ice beast!
The fiery explosion engulfs the two-headed ogre!!
Flame seeps out of the two-headed ogre.
The two-headed ogre is severely wounded.
The fiery explosion engulfs the goblin!!
Busisiwe avoids your attack.
The goblin explodes!
The fiery explosion engulfs the two-headed ogre!!
The fiery explosion engulfs you!!!
Ouch! That really hurt!
You die...

***,,,,,,,,,**##......##......,,,
*****,,*#.###........##.....,,,
*,**#............#*###..,,, ***
*...#......### **,.,,,
*#.........# *,,,,,, #.~~~≈~≈~.#
*,,*,,* #.~#####~.######.*****
#§§#§§§#≈o..#...,*
#§§○§@§#~.#...#***
#§§#RgF#~.#.### #.~#####≈...#
#.~Y≈~~~≈o#.# #......O....#
#######....## ######


You could see the friendly Busisiwe the battlemage (inner flame), a bullfrog
(inner flame) and a goblin (inner flame).

Vanquished Creatures
  A two-headed ogre (D:8)
  An orc knight (Bailey)
  Grinder (D:5)
  2 water moccasins
  An orc warrior (D:7)
  2 sky beasts
  2 black bears (D:6)
  2 ice beasts
  A centaur (D:5)
  2 phantoms
  A kobold brigand (D:6)
  3 bullfrogs
  A necrophage (D:6)
  14 scorpions
  2 howler monkeys
  2 centaur zombies (Ossuary)
  6 hounds
  A gnoll bouda (D:6)
  A human zombie (Ossuary)
  A jelly (D:7)
  2 orc priests
  10 scorpion zombies (Ossuary)
  Jessica (D:3)
  6 iguanas
  Terence (D:2)
  4 orc wizards
  3 mummies (Ossuary)
  Robin (D:3)
  11 gnolls
  7 adders
  2 shadow imps (D:6)
  A white imp (D:6)
  33 orcs
  9 ball pythons
  8 endoplasms
  3 giant cockroaches
  16 goblins
  6 hobgoblins
  5 jackals (D:1)
  11 kobolds
  5 quokkas
  4 bats
  2 frilled lizards
  4 goblin zombies
  4 hobgoblin zombies (Ossuary)
  2 kobold zombies (Ossuary)
  3 rats
  A spectral orc (D:5)
212 creatures vanquished.

Vanquished Creatures (collateral kills)
  A sky beast (D:6)
  A centaur (D:6)
  A hound (D:6)
  An iguana (D:6)
  An adder (D:6)
  A white imp (D:7)
  4 orcs (Bailey)
  A goblin (D:8)
11 creatures vanquished.

Vanquished Creatures (others)
  An ancestor (D:7)
  A battlemage (D:8)
  6 plants (D:8)
8 creatures vanquished.

Grand Total: 231 creatures vanquished

Notes
Turn   | Place    | Note
-------+----------+-------------------------------------------
     0 | D:5      | flotson the Demonspawn Delver began the quest for the Orb.
     0 | D:5      | Reached XP level 1. HP: 18/18 MP: 1/1
    22 | D:5      | Found a sand-covered staircase.
    47 | Ossuary  | Entered an ossuary
    74 | Ossuary  | Reached skill level 1 in Evocations
    74 | Ossuary  | Gained mutation: You are partially covered in razor-sharp
                  | scales. (AC +1, Slay +1) [demonic ancestry]
    74 | Ossuary  | Reached XP level 2. HP: 14/24 MP: 2/2
    74 | Ossuary  | Reached XP level 3. HP: 17/29 MP: 3/3
    81 | Ossuary  | Gained mutation: You passively map a small area around you.
                  | [potion of mutation]
    81 | Ossuary  | Gained mutation: Your magical capacity is low. (-10% MP)
                  | [potion of mutation]
    81 | Ossuary  | Gained mutation: You are strong-willed. (Will+) [potion of
                  | mutation]
   312 | Ossuary  | Noticed a scorpion
   339 | Ossuary  | Reached skill level 1 in Armour
   360 | Ossuary  | Gained mutation: You are mostly covered in razor-sharp
                  | scales. (AC +2, Slay +2) [demonic ancestry]
   360 | Ossuary  | Reached XP level 4. HP: 2/35 MP: 3/3
   533 | Ossuary  | Noticed a scorpion
   533 | Ossuary  | Noticed a scorpion
   554 | Ossuary  | Killed a scorpion
   555 | Ossuary  | Reached skill level 5 in Stealth
   555 | Ossuary  | Reached XP level 5. HP: 34/41 MP: 4/4
   694 | Ossuary  | Gained mutation: You sometimes gain a little power by
                  | taking damage. [demonic ancestry]
   694 | Ossuary  | Reached XP level 6. HP: 32/48 MP: 5/5
   844 | Ossuary  | Reached skill level 4 in Fighting
  1034 | Ossuary  | HP: 2/48 [poisoned by a scorpion]
  1388 | Ossuary  | Reached XP level 7. HP: 24/54 MP: 6/6
  2474 | D:5      | Reached skill level 5 in Fighting
  2474 | D:5      | Gained mutation: You have a pair of small horns on your
                  | head. [demonic ancestry]
  2474 | D:5      | Reached XP level 8. HP: 26/62 MP: 7/7
  2893 | D:4      | Reached skill level 1 in Throwing
  3288 | D:2      | Found a snail-covered altar of Cheibriados.
  3309 | D:2      | Found Ituink's Armour Emporium.
  3320 | D:2      | Upgraded the game from 0.30-a0-576-g89cddaab80 to
                  | 0.30-a0-578-gdee14c521f
  3402 | D:2      | Noticed Terence
  3407 | D:2      | Killed Terence
  4901 | D:3      | Noticed Jessica
  4909 | D:3      | Killed Jessica
  5058 | D:3      | Noticed Robin
  5069 | D:3      | Killed Robin
  5103 | D:3      | Found Awnoxari's Jewellery Shop.
  5167 | D:3      | Found a hazy altar of Hepliaklqana.
  5176 | D:3      | Became a worshipper of Hepliaklqana the Forgotten
  5412 | D:4      | Identified the +6 scale mail of True Grit {rC+ Dex+2}
  5444 | D:4      | Reached skill level 1 in Invocations
  5879 | D:4      | Found a shimmering blue altar of Sif Muna.
  5879 | D:4      | Found a blossoming altar of Fedhas.
  5879 | D:4      | Found a radiant altar of Vehumet.
  6053 | D:4      | Found a staircase to the Ecumenical Temple.
  6258 | D:5      | Reached XP level 9. HP: 67/69 MP: 9/9
  6284 | D:5      | Found a basalt altar of Yredelemnul.
  6412 | D:5      | Noticed Grinder
  6429 | D:5      | Killed Grinder
  6449 | D:5      | Reached skill level 5 in Dodging
  6502 | D:5      | Reached skill level 5 in Axes
  6696 | D:6      | Reached * piety under Hepliaklqana
  6735 | D:6      | Reached skill level 6 in Fighting
  6735 | D:6      | Reached skill level 5 in Evocations
  7189 | D:6      | Reached skill level 5 in Armour
  7997 | D:7      | Reached ** piety under Hepliaklqana
  7998 | D:7      | Remembered your ancestor Busisiwe as a battlemage
  8150 | D:7      | Found an ancient bone altar of Kikubaaqudgha.
  8286 | D:8      | Found a staircase to the Lair.
  8288 | D:8      | Noticed a two-headed ogre
  8315 | D:8      | Noticed a two-headed ogre
  8337 | D:8      | Found a flagged portal.
  8343 | Bailey   | Entered a bailey
  8458 | Bailey   | Noticed an orc knight
  8477 | Bailey   | Killed an orc knight
  8478 | Bailey   | Reached XP level 10. HP: 37/69 MP: 12/12
  8710 | D:8      | Killed a two-headed ogre
  8710 | D:8      | Killed by an exploding goblin... ignited by their inner
                  | flame

Illustrated notes

Levels and vault maps discovered:
D:1:      dpeg_arrival_arbitrary_a, layout_basic
D:2:      layout_loops_ring, basic_altar, serial_shops, shop, uniq_terence
D:3:      layout_loops_ring, lemuel_coloured_pillars_altar, serial_shops, shop,
          kennysheep_jessica_study, uniq_robin
D:4:      layout_basic, gammafunk_temple_overflow_claw, temple_green
D:5:      layout_basic, yredelemnul_forgotten_temple_becter, enter_ossuary_4,
          uniq_grinder
D:6:      minmay_diamond_boxcup, layout_basic
D:7:      layout_basic, nicolae_kikubaaqudgha_miasma_corner
D:8:      cheibrodos_ideogram_h, layout_cave_pools, lemuel_crystal_altar,
          nemelex_xobeh_ov_fountains_minmay, minmay_lair_entry_grove,
          enter_bailey_3, serial_undead, serial_undead_a, serial_undead_a,
          serial_undead_e, serial_undead_c, serial_undead_c, serial_undead_b

Skill      XL: |  1  2  3  4  5  6  7  8  9 |
---------------+----------------------------+-----
Axes           | 2 3 4 5 |  5.7
Dodging        | 2 3 4 5 |  5.6
Evocations     | 1 2 3 4 5 |  5.8
Armour         | 1 2 3 4 5 |  5.3
Stealth        | 5 |  5.0
Fighting       | 4 5 6 |  6.6
Throwing       | 2 3 |  3.7
Invocations    | 2 4 |  4.7

Action                   |  1- 3 |  4- 6 |  7- 9 | 10-12 || total
-------------------------+-------+-------+-------+-------++-------
Melee: Hand axe          |    73 |   170 |   126 |       ||   369
       Punch             |     2 |     4 |     7 |       ||    13
       Flail             |       |       |   342 |       ||   342
       Whip              |       |       |   116 |       ||   116
       Headbutt          |       |       |   109 |       ||   109
       Halberd           |       |       |    24 |    14 ||    38
Throw: Dart              |       |       |     8 |       ||     8
Invok: Ancestor Life: Ba |       |       |     1 |       ||     1
Evoke: Wand              |       |       |     1 |       ||     1
  Use: Potion            |     2 |     3 |     2 |       ||     7
       Scroll            |       |     1 |     2 |     5 ||     8
 Stab: Sleeping          |     1 |     2 |     9 |     7 ||    19
       Distracted        |       |       |     3 |     1 ||     4
Armor: Leather armour    |    24 |    56 |    50 |       ||   130
       Chain mail        |       |       |   100 |       ||   100
       Scale mail        |       |       |   224 |     9 ||   233
Dodge: Dodged            |    64 |   133 |   462 |    21 ||   680

Table legend: (Time is in decaauts)
 A = Elapsed time spent in this place.
 B = Non-inter-level travel time spent in this place.
 C = Inter-level travel time spent in this place.
 D = Time resting spent in this place.
 E = Time spent auto-exploring this place.
 F = Levels seen in this place.
 G = Mean time per level.
                   A        B        C        D        E       F      G
               +--------+--------+--------+--------+--------+-----+--------+
         Total |   8808 |   8491 |    317 |    967 |   5315 |  10 |  880.8 |
       Dungeon |   6003 |   5686 |    317 |    234 |   4108 |   8 |  750.4 |
       Ossuary |   2433 |   2433 |      0 |    733 |    946 |   1 | 2433.0 |
        Bailey |    372 |    372 |      0 |      0 |    261 |   1 |  372.0 |
               +--------+--------+--------+--------+--------+-----+--------+

Top non-repeatable levels by time:
 Ossuary: 2433 daAuts
     D:3: 1203 daAuts
     D:6: 1122 daAuts
     D:5: 917 daAuts
     D:4: 911 daAuts
     D:7: 623 daAuts
     D:2: 605 daAuts
     D:1: 583 daAuts
  Bailey: 372 daAuts
     D:8: 37 daAuts
